 Dungeon Crawl Stone Soup version 0.24-a0-291-g79c1ce7 (webtiles) character file.

Game seed: 7842419454124214859

114 MatthieuS the Chiller (level 4, -2/34 HPs)
             Began as a Demonspawn Ice Elementalist on May 11, 2019.
             Killed from afar by an orc wizard (8 damage)
             ... with a puff of flame
             ... on level 3 of the Dungeon.
             The game lasted 00:05:05 (4454 turns).

MatthieuS the Chiller (Demonspawn Ice Elementalist) Turns: 4454, Time: 00:05:05

Health: -2/34      AC:  2    Str:  8    XL:     4   Next: 66%
Magic:  0/8        EV: 12    Int: 18    God:
Gold:   93         SH:  0    Dex: 13    Spells: 3/9 levels left

rFire    . . .     SeeInvis .   (no weapon)
rCold    . . .     Gourm    .   (no shield)
rNeg     . . .     Faith    .   a - +0 robe
rPois    .         Spirit   +   (no helmet)
rElec    .         Reflect  .   (no cloak)
rCorr    .         Harm     .   (no gloves)
MR       .....                  (no boots)
Stlth    ++........             (no amulet)
HPRegen  0.11/turn              (no ring)
MPRegen  0.11/turn              (no ring)

@: no status effects
A: claws 1, demonic guardian 1, magic shield
a: no special abilities


You were on level 3 of the Dungeon.
You were not hungry.

You visited 1 branch of the dungeon, and saw 3 of its levels.

You collected 93 gold pieces.

Inventory:

Armour
 a - a +0 robe (worn)
Wands
 v - a wand of digging (6)
   (You found it on level 3 of the Dungeon)
Scrolls
 b - 3 scrolls of immolation {unknown}
 c - 3 scrolls of identify {unknown}
 d - a scroll of enchant armour {unknown}
 i - a scroll of random uselessness {unknown}
 j - a scroll of remove curse {unknown}
 l - a scroll of amnesia {unknown}
Potions
 f - a potion of agility {unknown}
 g - a potion of resistance {unknown}
 h - a potion of degeneration {unknown}
 k - a potion of invisibility
Comestibles
 e - a ration
 m - 9 chunks of flesh


   Skills:
 + Level 2.3 Fighting
 - Level 1.7 Dodging
 - Level 1.7 Stealth
 + Level 3.1 Spellcasting
 - Level 1.0 Conjurations
 + Level 3.6 Ice Magic


You had 3 spell levels left.
You knew the following spells:

 Your Spells              Type           Power        Failure   Level  Hunger
a - Freeze                Ice            ###.         3%          1    None
b - Throw Frost           Conj/Ice       ##....       10%         2    ##.....
c - Ozocubu's Armour      Chrm/Ice       #.......     24%         3    ###....

Your spell library contained the following spells:

 Spells                   Type           Power        Failure   Level  Hunger
 Throw Icicle             Conj/Ice       ##......     54%         4    ####...
 Summon Ice Beast         Ice/Summ       #.......     61%         4    ####...


Dungeon Overview and Level Annotations

Branches:
Dungeon (3/15)

Altars:
Fedhas
Hepliaklqana


Innate Abilities, Weirdness & Mutations

You have sharp fingernails.
A weak demonic guardian rushes to your aid.
When hurt, damage is shared between your health and your magic reserves.


Message History

Something hits you but does no damage. The rat bites you.
You closely miss something.
You hear some strange, mumbled words.
A puff of frost appears from out of thin air!
The puff of frost misses you. The rat bites you.
Aim: a rat (moderately wounded)
You freeze the rat.
You hear some strange, mumbled words.
A puff of flame appears from out of thin air!
The puff of flame misses you. The rat closely misses you.
Aim: a rat (severely wounded)
You freeze the rat.
You kill the rat!
Something hits you but does no damage.
Unknown command.
You scratch the orc. The orc barely misses you.
You hear some strange, mumbled words.
A puff of frost appears from out of thin air!
The puff of frost hits you.
You closely miss the orc. The orc closely misses you.
You hear some strange, mumbled words.
A magic dart appears from out of thin air!
The magic dart hits you!
* * * LOW HITPOINT WARNING * * *
You swap places.
Your white imp barely misses the orc.
The orc hits your white imp but does no damage.
Something barely misses your white imp.
Your white imp disappears in a puff of smoke!
The orc hits you.
* * * LOW HITPOINT WARNING * * *
Aim: an orc (almost dead)
You freeze the orc.
You kill the orc!
You miss something. You closely miss something.
You hear some strange, mumbled words.
You miss something. Something hits you.
* * * LOW HITPOINT WARNING * * *
Something hits you.
* * * LOW HITPOINT WARNING * * *
You freeze something. Something hits you.
* * * LOW HITPOINT WARNING * * *
You miss something.
You hear some strange, mumbled words.
A puff of flame appears from out of thin air!
The puff of flame hits you!
You die...

##.# #..# . #.## #. #.#
.. # #.# .# ## ###.# .#
.## ##.#.# .# ##
..####....########.#..?##
..'.............@{†).....
..####....##########...##
.## ##.#.# ## ## ###.# #
#.# #.# #.# ###### #.#
.....# #.#


There were no monsters in sight!

Vanquished Creatures
  2 adders
  2 worms (D:2)
  2 dart slugs
  4 leopard geckos
  7 orcs (D:3)
  A ball python (D:2)
  2 giant cockroaches (D:2)
  5 goblins
  6 hobgoblins
  2 jackals (D:3)
  3 kobolds
  6 bats
  4 frilled lizards
  8 rats
54 creatures vanquished.

Vanquished Creatures (collateral kills)
  Terence (D:3)
  An adder (D:3)
2 creatures vanquished.

Grand Total: 56 creatures vanquished

Notes
Turn   | Place    | Note
-------+----------+-------------------------------------------
     0 | D:1      | MatthieuS the Demonspawn Ice Elementalist began the quest
                  | for the Orb.
     0 | D:1      | Reached XP level 1. HP: 13/13 MP: 3/3
   954 | D:1      | Gained mutation: You have sharp fingernails. [demonic
                  | ancestry]
   954 | D:1      | Reached XP level 2. HP: 17/20 MP: 1/5
  1148 | D:1      | Reached skill level 1 in Fighting
  1300 | D:1      | Learned a level 2 spell: Throw Frost
  1752 | D:2      | Found a blossoming altar of Fedhas.
  1835 | D:2      | Gained mutation: A weak demonic guardian rushes to your
                  | aid. [demonic ancestry]
  1835 | D:2      | Reached XP level 3. HP: 9/26 MP: 0/6
  2945 | D:2      | Learned a level 3 spell: Ozocubu's Armour
  3547 | D:3      | Gained mutation: When hurt, damage is shared between your
                  | health and your magic reserves. [demonic ancestry]
  3547 | D:3      | Reached XP level 4. HP: 8/33 MP: 1/8
  3949 | D:3      | Found a hazy altar of Hepliaklqana.
  3993 | D:3      | Noticed Terence
  4007 | D:3      | Killed Terence
  4454 | D:3      | Killed from afar by an orc wizard

Levels and vault maps discovered:
D:1:      scummos_arrival_star, layout_basic
D:2:      layout_rooms, fedhas_altar_4
D:3:      layout_loops_corners, nicolae_overflow_hidden_temple, uniq_terence

Skill      XL: |  1  2  3  4 |
---------------+-------------+-----
Fighting       | 1 2 |  2.3
Ice Magic      | 3 |  3.6
Spellcasting   | 3 |  3.1
Dodging        | |  1.7
Stealth        | |  1.7
Conjurations   | |  1.0

Action                   |  1- 3 |  4- 6 || total
-------------------------+-------+-------++-------
Melee: Unarmed           |    10 |    16 ||    26
       Dagger            |    25 |       ||    25
 Cast: Freeze            |    61 |    29 ||    90
       Throw Frost       |     4 |     4 ||     8
  Use: Potion            |     1 |       ||     1
 Stab: Invisible         |     1 |       ||     1
  Eat: Chunk             |     8 |       ||     8
       Ration            |       |     1 ||     1
Armor: Robe              |    14 |     5 ||    19
Dodge: Dodged            |    37 |    17 ||    54

Table legend:
 A = Non-vault XP
 B = Vault XP
 C = Vault XP percentage of total XP
 D = Non-vault monster count
 E = Vault monster count
 F = Vault count percentage of total count
                 A         B        C        D         E       F
            +---------+---------+-------+---------+---------+-------
      Total |     143 |      20 |  12.3 |      55 |       1 |   1.8
            +---------+---------+-------+---------+---------+-------
        D:1 |      22 |       0 |   0.0 |      13 |       0 |   0.0
        D:2 |      55 |       0 |   0.0 |      20 |       0 |   0.0
        D:3 |      66 |      20 |  23.3 |      22 |       1 |   4.3
            +---------+---------+-------+---------+---------+-------
